 Dungeon Crawl Stone Soup version 0.29-a0-378-gc08b2e8bf8 (webtiles) character file.

Game seed: 1053601799650280859

15 Antichthon the Covered (level 2, -2/19 HPs)
             Began as a Gargoyle Fighter on May 4, 2022.
             Slain by a hound (4 damage)
             ... on level 2 of the Dungeon.
             The game lasted 00:00:53 (426 turns).

Antichthon the Covered (Gargoyle Fighter)            Turns: 426, Time: 00:00:54

Health: -2/19      AC:  9    Str: 19    XL:     2   Next: 50%
Magic:  2/2        EV:  5    Int:  8    God:
Gold:   24         SH: 11    Dex:  9    Spells: 1/1 levels left

rFire   . . .      SeeInvis .   a - +0 flail
rCold   . . .      Faith    .   g - +0 tower shield
rNeg    + . .      Spirit   .   b - +0 scale mail
rPois   ∞          Reflect  .   (no helmet)
rElec   +          Harm     .   (no cloak)
rCorr   .          Rampage  .   (no gloves)
Will    .....                   (no boots)
Stlth   ..........              (no amulet)
HPRegen 0.06/turn               (no ring)
MPRegen 0.08/turn               (no ring)

@: no status effects
A: sickness immunity, AC +2, negative energy resistance 1, electricity
resistance, torment resistance 1, petrification resistance
a: no special abilities


You were on level 2 of the Dungeon.
You visited 1 branch of the dungeon, and saw 2 of its levels.

You collected 24 gold pieces.

Inventory:

Hand Weapons
 a - a +0 flail (weapon)
Armour
 b - a +0 scale mail (worn)
 g - a +0 tower shield (worn)
Scrolls
 c - a scroll of blinking {unknown}
 e - a scroll of identify {unknown}
 f - a scroll of enchant weapon {unknown}
 h - a scroll of enchant armour {unknown}
Potions
 d - a potion of might


   Skills:
 * Level 3.4 Fighting
 * Level 2.1 Maces & Flails
 * Level 3.5 Armour
 * Level 0.3 Dodging
 * Level 3.5 Shields
 * Level 0.4 Invocations


You had one spell level left.
You didn't know any spells.
Your spell library was empty.

Dungeon Overview and Level Annotations

Branches:
Dungeon (2/15)

Altars:


Innate Abilities, Weirdness & Mutations

You are immune to sickness and miasma.
Your stone body is resilient. (AC +2)
You are immune to poison.
You resist negative energy. (rN+)
You are resistant to electric shocks. (rElec)
You are resistant to unholy torment.
You are immune to petrification.


Message History

The hound barks!
A hound is nearby!
An endoplasm comes into view.
The endoplasm quivers.
You closely miss the hound.
The hound pauses to sniff the ground.
You block the hound's attack. x2; The hound bites you but does no damage.
You barely miss the hound. The hound bites you.
The hound bites you but does no damage.
You sock the hound!
The hound is heavily wounded.
The hound bites you but does no damage. You block the hound's attack.
The endoplasm hits you. The hound bites you.
You hit the hound but do no damage.
The hound is heavily wounded.
The hound bites you but does no damage. The endoplasm freezes you.
You are frozen.
The hound bites you.
* * * LOW HITPOINT WARNING * * *
You block the endoplasm's attack. The hound attacks as you move away!
You block the hound's attack. The hound bites you but does no damage.
You miss the hound.
The hound is heavily wounded.
The hound bites you.
* * * LOW HITPOINT WARNING * * *
You block the hound's attack. The hound bites you but does no damage.
Unknown command.
Okay, then.
You hit the hound.
The hound is almost dead.
The hound bites you but does no damage. x2
You closely miss the hound.
The hound is almost dead.
You block the hound's attack. The hound bites you but does no damage.
You block the hound's attack.
You miss the hound.
The hound is almost dead.
The hound bites you.
You die...

#####......#.#
#..........#.#
#.####.....#.#
#<.....#.#.#
####.....#.#
##..###.# ##.##
.# #..##.######
#.Jh@.......
#..##.######
.......<.......
.....##..#.####
..... #..#.#
.... #..#.# ...
#..#.# ...
...... ##..


You could see a hound and an endoplasm.

Vanquished Creatures
  A dart slug (D:1)
  2 bats (D:1)
  2 endoplasms
  A goblin (D:1)
  2 quokkas (D:1)
  4 rats (D:1)
12 creatures vanquished.

Notes
Turn   | Place    | Note
-------+----------+-------------------------------------------
     0 | D:1      | Antichthon the Gargoyle Fighter began the quest for the
                  | Orb.
     0 | D:1      | Reached XP level 1. HP: 14/14 MP: 1/1
   286 | D:1      | Reached XP level 2. HP: 19/19 MP: 2/2
   381 | D:1      | You fall into a shaft and drop 1 floor!
   426 | D:2      | Slain by a hound

Illustrated notes

Levels and vault maps discovered:
D:1:      heliophobic_arrival_battle_scene, layout_basic
D:2:      layout_basic, shapermc_ecumenical_altar_ellora, uniq_natasha

Action                   || total
-------------------------++-------
Melee: Flail             ||    53
Armor: Scale mail        ||    35
Dodge: Dodged            ||    23
Block: Buckler           ||     7
       Tower shield      ||    27

Table legend: (Time is in decaauts)
 A = Elapsed time spent in this place.
 B = Non-inter-level travel time spent in this place.
 C = Inter-level travel time spent in this place.
 D = Time resting spent in this place.
 E = Time spent auto-exploring this place.
 F = Levels seen in this place.
 G = Mean time per level.
                   A        B        C        D        E       F      G
               +--------+--------+--------+--------+--------+-----+--------+
         Total |    452 |    452 |      0 |      0 |    266 |   2 |  226.0 |
       Dungeon |    452 |    452 |      0 |      0 |    266 |   2 |  226.0 |
               +--------+--------+--------+--------+--------+-----+--------+

Top non-repeatable levels by time:
     D:1: 402 daAuts
     D:2: 50 daAuts
